 Dungeon Crawl Stone Soup version 0.25-a0-42-g6c54e25894 (webtiles) character file.

Game seed: 10494014862597958882, levelgen mode: deterministic

14037 Fingolfin the Cleaver (level 11, -1/94 HPs)
             Began as a Minotaur Berserker on Oct 22, 2019.
             Was a High Priest of Trog.
             Slain by a blink frog (12 damage)
             ... on level 1 of the Lair of Beasts on Oct 23, 2019.
             The game lasted 00:39:02 (10917 turns).

Fingolfin the Cleaver (Minotaur Berserker)         Turns: 10917, Time: 00:39:04

Health: -1/94      AC: 12    Str: 23    XL:     11   Next: 83%
Magic:  16/16      EV: 13    Int:  6    God:    Trog [*****.]
Gold:   374        SH:  0    Dex: 10    Spells: 10/10 levels left

rFire    + . .     SeeInvis .   a - +0 war axe
rCold    . . .     Gourm    .   (no shield)
rNeg     + . .     Faith    +   C - +3 scale mail {rN+}
rPois    .         Spirit   .   (helmet restricted)
rElec    .         Reflect  .   u - +0 cloak
rCorr    +         Harm     .   (no gloves)
MR       .....                  (no boots)
Stlth    ..........             j - amulet of Haqoghel {Faith rC+ Slay+2}
HPRegen  0.25/turn              i - ring of resist corrosion
MPRegen  0.15/turn              F - ring of fire

@: no status effects
A: retaliatory headbutt, horns 2
a: Berserk, Trog's Hand, Brothers in Arms, Renounce Religion


You were on level 1 of the Lair of Beasts.
You worshipped Trog.
Trog was extremely pleased with you.
You were hungry.

You visited 2 branches of the dungeon, and saw 13 of its levels.

You collected 486 gold pieces.
You spent 112 gold pieces at shops.

Inventory:

Hand Weapons
 a - a +0 war axe (weapon)
Missiles
 e - 446 stones
 p - 18 boomerangs (quivered)
 s - 56 poisoned darts
 t - 4 silver boomerangs
 z - 3 throwing nets
 H - 6 silver javelins
 I - 2 atropa-tipped darts
 L - 12 javelins
Armour
 u - a +0 cloak (worn)
 C - a +3 scale mail of positive energy (worn)
Jewellery
 i - a ring of resist corrosion (left hand)
 j - the amulet of Haqoghel (around neck) {Faith rC+ Slay+2}
   (You found it on level 7 of the Dungeon)

   [amulet of faith]

   It allows you to gain divine favour quickly.
   It affects your accuracy and damage with ranged weapons and melee attacks
   (+2).
   It protects you from cold.
 F - a ring of fire (right hand)
 G - an uncursed amulet of the gourmand {unknown}
Wands
 x - a wand of scattershot (4)
 B - a wand of paralysis (5)
 E - a wand of iceblast (7)
 M - a wand of acid (7)
Scrolls
 b - a scroll of fog
 f - 6 scrolls of remove curse
 g - 3 scrolls of fear
 h - 2 scrolls of blinking
 l - 3 scrolls of magic mapping
 r - 6 scrolls of teleportation
 y - 2 scrolls of enchant armour
 A - a scroll of immolation
 K - 2 scrolls of enchant weapon
Potions
 c - 5 potions of curing
 k - 2 potions of might
 m - a potion of heal wounds {unknown}
 n - 2 potions of flight
 o - a potion of mutation {unknown}
 q - 3 potions of lignification
 v - a potion of agility {unknown}
 w - 2 potions of magic {unknown}
 D - 2 potions of brilliance {unknown}
Comestibles
 d - 16 rations


   Skills:
 - Level 8.0 Fighting
 + Level 12.4 Axes
 - Level 8.2 Throwing
 - Level 8.1 Armour
 - Level 8.0 Dodging
 - Level 8.0 Evocations


You had 10 spell levels left.
You didn't know any spells.
Your spell library was empty.

Dungeon Overview and Level Annotations

Branches:
Dungeon (12/15)            Temple (0/1) D:6            Lair (1/6) D:9
    Orc (0/2) D:10

Altars:
Ashenzari
Elyvilon
Gozag
Makhleb
Nemelex Xobeh
Okawaru
Trog
Wu Jian
Yredelemnul
The Shining One

Shops:
D:5 [

Annotations:
D:7 need flight to kill centaurs, 6 exclusions
D:9 need scarf of cloud immunity for 75 gold


Innate Abilities, Weirdness & Mutations

You reflexively headbutt those who attack you in melee.
You have a pair of horns on your head.


Message History

The blink frog misses you.
You miss the blink frog.
The blink frog is heavily wounded.
The blink frog hits you.
The blink frog blinks!
The blink frog blinks! x2
The blink frog blinks!
The blink frog hits you!
You hit the blink frog. Your headbutt misses the blink frog.
The blink frog is lightly wounded.
You miss the blink frog. The blink frog hits you. The blink frog hits you!
* * * LOW HITPOINT WARNING * * *
The blink frog hits you.
* * * LOW HITPOINT WARNING * * *
Unknown command.
You slash the blink frog! Your headbutt misses the blink frog.
The blink frog is moderately wounded.
You closely miss the blink frog. You miss the blink frog.
The blink frog hits you!
* * * LOW HITPOINT WARNING * * *
The blink frog hits you!
You die...

.....## #...
#...... ....
.##...... .....
........##.....
...§....#......
........=......
......†FF......
#......@†......
#......F.......
...............
..............#
...........##.#
...........# #
............
........#P###


You could see 3 blink frogs.

Vanquished Creatures
  Harold (D:7)
  A two-headed ogre (D:5)
  An unseen horror (D:12)
  2 ugly things (D:12)
  A cyclops (D:12)
  3 centaur zombies
  2 trolls
  A hornet (D:9)
  Grinder (D:6)
  A slime creature (D:8)
  2 hippogriffs (D:7)
  Prince Ribbit (D:7)
  2 blink frogs (Lair:1)
  A centaur simulacrum (D:11)
  A human (D:10)
  4 yaks
  A hungry ghost (D:10)
  Grum (D:8)
  Edmund (D:6)
  Menkaure (D:7)
  3 soldier ants
  Duvessa (D:6)
  A porcupine (D:9)
  3 sky beasts
  4 ice beasts
  3 black bears
  4 orc warriors
  2 wolves (D:8)
  10 centaurs
  3 phantoms
  4 ogres
  A crocodile (D:9)
  10 bullfrogs
  5 big kobolds
  A gnoll sergeant (D:9)
  Dowan (D:6)
  3 scorpions
  A wyvern skeleton (D:12)
  2 howler monkeys
  4 crimson imps
  2 bullfrog zombies
  A quasit (D:9)
  6 hounds
  8 jellies
  3 iguanas
  6 orc priests
  4 orc wizards
  A centaur skeleton (D:12)
  3 worker ants
  A hound zombie (D:9)
  2 hound skeletons
  A howler monkey zombie (D:6)
  5 gnolls (D:9)
  A howler monkey skeleton (D:10)
  15 adders
  7 shadow imps
  8 oozes
  An adder skeleton (D:4)
  3 adder zombies
  A worm (D:3)
  3 dart slugs
  5 leopard geckos
  24 orcs
  13 bats
  8 giant cockroaches
  16 goblins
  11 hobgoblins
  21 jackals
  14 kobolds
  3 quokkas
  3 ball pythons
  3 frilled lizards
  2 jackal skeletons
  9 rats
  2 fungi
  A plant (D:9)
312 creatures vanquished.

Vanquished Creatures (collateral kills)
  A two-headed ogre (D:12)
  A shadow (D:12)
2 creatures vanquished.

Vanquished Creatures (others)
  2 fungi (D:8)
  5 toadstools (D:8)
7 creatures vanquished.

Grand Total: 321 creatures vanquished

Notes
Turn   | Place    | Note
-------+----------+-------------------------------------------
     0 | D:1      | Fingolfin the Minotaur Berserker began the quest for the
                  | Orb.
     0 | D:1      | Reached XP level 1. HP: 19/19 MP: 0/0
   100 | D:1      | Reached XP level 2. HP: 24/28 MP: 1/1
   278 | D:1      | Reached skill level 5 in Fighting
   310 | D:1      | Reached XP level 3. HP: 34/36 MP: 2/2
   329 | D:1      | Reached ** piety under Trog
   809 | D:2      | Reached XP level 4. HP: 33/44 MP: 3/3
  1472 | D:3      | Reached *** piety under Trog
  2132 | D:3      | Reached XP level 5. HP: 49/52 MP: 2/4
  2463 | D:4      | Noticed an ogre
  2468 | D:4      | Killed an ogre
  2517 | D:4      | Found a glowing golden altar of the Shining One.
  2519 | D:4      | Noticed an angel
  2526 | D:4      | Found a basalt altar of Yredelemnul.
  2528 | D:4      | Noticed a profane servitor
  2633 | D:4      | Reached XP level 6. HP: 55/61 MP: 5/5
  2770 | D:4      | Reached skill level 1 in Throwing
  2772 | D:4      | Reached **** piety under Trog
  2839 | D:4      | Found an opulent altar of Gozag.
  2840 | D:4      | Found a sparkling altar of Nemelex Xobeh.
  2952 | D:5      | Entered Level 5 of the Dungeon
  2970 | D:5      | Reached XP level 7. HP: 68/68 MP: 4/6
  3123 | D:5      | Noticed a two-headed ogre
  3136 | D:5      | Killed a two-headed ogre
  3136 | D:5      | Reached XP level 8. HP: 24/74 MP: 3/7
  3417 | D:5      | Found Pank's Antique Armour Shop.
  3425 | D:5      | Bought a cloak for 112 gold pieces
  3448 | D:5      | Found a bloodstained altar of Trog.
  3457 | D:5      | Found an iron altar of Okawaru.
  3561 | D:5      | You fall into a shaft and drop 2 floors!
  3585 | D:6      | Found a shattered altar of Ashenzari.
  3585 | D:6      | Noticed Grinder
  3605 | D:6      | Paralysed by Grinder for 3 turns
  3617 | D:6      | Killed Grinder
  3716 | D:6      | Reached skill level 4 in Axes
  3808 | D:6      | Noticed Duvessa
  3808 | D:6      | Noticed Dowan
  3812 | D:6      | Reached skill level 5 in Axes
  3819 | D:6      | Killed Duvessa
  3821 | D:6      | Killed Dowan
  3821 | D:6      | Reached skill level 6 in Axes
  3821 | D:6      | Reached XP level 9. HP: 81/81 MP: 6/8
  3875 | D:6      | Reached skill level 1 in Evocations
  3902 | D:6      | Noticed Edmund
  3904 | D:6      | Found a staircase to the Ecumenical Temple.
  3917 | D:6      | Killed Edmund
  3935 | D:6      | Found a shattered altar of Ashenzari.
  4381 | D:6      | Found an ornate altar of the Wu Jian Council.
  4381 | D:6      | Found a white marble altar of Elyvilon.
  4391 | D:6      | Found a burning altar of Makhleb.
  4401 | D:6      | Found an iron altar of Okawaru.
  4657 | D:7      | Received a gift from Trog
  4719 | D:7      | Reached skill level 5 in Evocations
  4996 | D:7      | Noticed Harold
  5009 | D:7      | Paralysed by Harold for 3 turns
  5016 | D:7      | Killed Harold
  5041 | D:7      | Reached XP level 10. HP: 47/88 MP: 12/14
  5444 | D:7      | Got a fine crystal amulet
  5446 | D:7      | Identified the amulet of Haqoghel {Faith rC+ Slay+2} (You
                  | found it on level 7 of the Dungeon)
  5512 | D:7      | Noticed Menkaure
  5523 | D:7      | Killed Menkaure
  5614 | D:7      | Noticed Prince Ribbit
  5639 | D:7      | Killed Prince Ribbit
  6449 | D:8      | Reached ***** piety under Trog
  6556 | D:8      | Received a gift from Trog
  6558 | D:8      | Reached skill level 5 in Armour
  7007 | D:8      | Reached skill level 5 in Dodging
  7091 | D:8      | Noticed Grum
  7098 | D:8      | Killed Grum
  7098 | D:8      | Reached skill level 7 in Axes
  7733 | D:9      | Reached skill level 8 in Axes
  7819 | D:9      | Received a gift from Trog
  8039 | D:9      | Received a gift from Trog
  8116 | D:9      | Reached XP level 11. HP: 55/94 MP: 16/16
  8489 | D:9      | Found a staircase to the Lair.
  9132 | D:10     | Entered Level 10 of the Dungeon
  9160 | D:10     | Received a gift from Trog
  9179 | D:10     | You fall into a shaft and drop 2 floors!
  9179 | D:12     | Noticed a green ugly thing
  9183 | D:12     | Reached skill level 9 in Axes
  9190 | D:12     | Killed a green ugly thing
  9246 | D:12     | Killed an unseen horror
  9309 | D:12     | Noticed a red ugly thing
  9327 | D:12     | Killed a red ugly thing
  9673 | D:12     | Noticed a two-headed ogre
  9680 | D:12     | Killed a two-headed ogre
  9681 | D:12     | Reached skill level 10 in Axes
  9683 | D:12     | Received a gift from Trog
 10173 | D:11     | Reached skill level 11 in Axes
 10174 | D:11     | Noticed a catoblepas
 10357 | D:10     | Received a gift from Trog
 10417 | D:10     | Found a staircase to the Orcish Mines.
 10482 | D:10     | Reached skill level 12 in Axes
 10892 | Lair:1   | Entered Level 1 of the Lair of Beasts
 10917 | Lair:1   | Slain by a blink frog

Levels and vault maps discovered:
D:1:      dpeg_arrival_subterranean_lakeside_camping, layout_basic,
          minmay_tripent
D:2:      layout_loops_ring, serial_bayou_lagoon_b
D:3:      layout_basic, first_ration
D:4:      layout_rooms, grunt_temple_overflow_holy_war,
          grunt_temple_overflow_opulence, kennysheep_crisscross
D:5:      layout_gridville, serial_shops, shop, basic_altar,
          kennysheep_okawaru_gauntlet
D:6:      layout_rooms, ashenzari_altar_1, nicolae_overflow_quartered_altars,
          minmay_temple_entry_mist, basic_altar, uniq_duvessa, uniq_edmund,
          uniq_grinder
D:7:      nicolae_whirlpool, layout_layer_cave, centaur_isle,
          uniq_prince_ribbit1, uniq_harold, uniq_menkaure
D:8:      cheibrodos_fertilizer, layout_loops_cross, uniq_grum
D:9:      lemuel_ice_spiral_2, layout_irregular_city,
          grunt_lair_entry_orc_guard_hut, hangedman_pestilent_swarm
D:10:     layout_loops_cross, erik_orc_4
D:11:     minmay_the_grid_net [minmay_the_grid_holed_spiral,
          minmay_the_grid_square_x, minmay_the_grid_x, minmay_the_grid_spikes,
          minmay_the_grid_dragon_a, minmay_the_grid_prize_trominoes],
          layout_irregular_city, kb_rosetta
D:12:     layout_loops_corners, minmay_stone_trees_small
Lair:1:   beast_lair_carwin_large_4, layout_hall_layers, uniq_sonja

Skill      XL: |  1  2  3  4  5  6  7  8  9 10 11 |
---------------+----------------------------------+-----
Fighting       | 4 5 6 7 8 |  8.0
Armour         | 3 4 7 8 |  8.1
Throwing       | 2 6 8 |  8.2
Dodging        | 3 4 6 8 |  8.0
Axes           | 6 8 12 | 12.4
Evocations     | 7 8 |  8.0

Action                   |  1- 3 |  4- 6 |  7- 9 | 10-12 || total
-------------------------+-------+-------+-------+-------++-------
Melee: Hand axe          |    80 |   149 |   207 |    82 ||   518
       Headbutt          |    13 |    17 |    32 |    90 ||   152
       War axe           |       |       |       |   336 ||   336
Throw: Boomerang         |       |       |    37 |    13 ||    50
       Dart              |       |       |     6 |       ||     6
Invok: Berserk           |       |     3 |     5 |    12 ||    20
       Trog's Hand       |       |       |     1 |       ||     1
       Brothers in Arms  |       |       |       |     2 ||     2
Evoke: Wand              |       |       |       |     1 ||     1
  Use: Scroll            |       |     6 |     3 |     7 ||    16
       Potion            |       |       |     1 |     1 ||     2
  Eat: Chunk             |       |     9 |    11 |    18 ||    38
       Ration            |       |       |       |     4 ||     4
Armor: Animal skin       |    22 |     2 |       |       ||    24
       Chain mail        |       |    82 |   131 |       ||   213
       Scale mail        |       |       |     2 |   172 ||   174
Dodge: Dodged            |    54 |    66 |    85 |   267 ||   472

Table legend:
 A = Non-vault XP
 B = Vault XP
 C = Vault XP percentage of total XP
 D = Non-vault monster count
 E = Vault monster count
 F = Vault count percentage of total count
                 A         B        C        D         E       F
            +---------+---------+-------+---------+---------+-------
      Total |   14261 |    5792 |  28.9 |     246 |      65 |  20.9
            +---------+---------+-------+---------+---------+-------
        D:1 |      54 |      12 |  18.2 |      32 |       8 |  20.0
        D:2 |      55 |       0 |   0.0 |      21 |       0 |   0.0
        D:3 |      87 |       0 |   0.0 |      26 |       0 |   0.0
        D:4 |     415 |       0 |   0.0 |      21 |       0 |   0.0
        D:5 |    1424 |       4 |   0.3 |      12 |       2 |  14.3
        D:6 |     691 |     687 |  49.9 |      18 |       4 |  18.2
        D:7 |    1621 |    1764 |  52.1 |      15 |       6 |  28.6
        D:8 |    1303 |    1329 |  50.5 |      23 |      21 |  47.7
        D:9 |    1171 |    1161 |  49.8 |      19 |       8 |  29.6
       D:10 |    2461 |     609 |  19.8 |      29 |      15 |  34.1
       D:11 |      61 |     226 |  78.7 |       7 |       1 |  12.5
       D:12 |    4299 |       0 |   0.0 |      20 |       0 |   0.0
     Lair:1 |     619 |       0 |   0.0 |       3 |       0 |   0.0
            +---------+---------+-------+---------+---------+-------
